 Dungeon Crawl Stone Soup version 0.29.1-2-gbd0b4ee654 (webtiles) character file.

Game seed: 9427587579675506998

3199 funnyparkerb the Slicer (level 9, -6/48 HPs)
             Began as a Vine Stalker Brigand on Nov 11, 2022.
             Was a Follower of Uskayaw.
             Mangled by a hornet (14 damage)
             ... on level 9 of the Dungeon.
             The game lasted 00:11:33 (7139 turns).

funnyparkerb the Slicer (Vine Stalker Brigand)      Turns: 7139, Time: 00:11:34

Health: -6/48      AC:  2    Str: 15    XL:     9   Next: 96%
Magic:  0/12       EV: 16    Int: 11    God:    Uskayaw [*.....]
Gold:   397        SH:  0    Dex: 27    Spells: 6/8 levels left

rFire   . . .      SeeInvis .   y - +7 dagger of Hell's Wrath {vorpal, rElec Str+2}
rCold   . . .      Faith    .   (no shield)
rNeg    . . .      Spirit   +   m - +0 leather armour
rPois   .          Reflect  .   v - +0 helmet
rElec   +          Harm     .   c - +0 cloak
rCorr   .          Rampage  .   a - +0 pair of gloves
Will    ++...                   (no boots)
Stlth   +++.......              (no amulet)
HPRegen 0.96/turn               b - +6 ring of dexterity
MPRegen 0.13/turn               F - ring of willpower

@: corroded, slowed, very slow
A: fangs 3, regeneration 1, magic shield, antimagic bite, no potion heal 2
a: Renounce Religion, Stomp


You were on level 9 of the Dungeon.
You worshipped Uskayaw.
Uskayaw was noncommittal.
You visited 2 branches of the dungeon, and saw 10 of its levels.
You also visited: Sewer.

You collected 397 gold pieces.

Inventory:

Hand Weapons
 w - a +1 short sword of speed
 y - the +7 dagger of Hell's Wrath (weapon) {vorpal, rElec Str+2}
   (You found it on level 6 of the Dungeon)

   It inflicts extra damage upon your enemies.
   Str:       It affects your strength (+2).
   rElec:     It insulates you from electricity.
Missiles
 d - 11 poisoned darts (quivered)
 e - 5 curare-tipped darts
 E - a throwing net
Armour
 a - a +0 pair of gloves (worn)
 c - a +0 cloak (worn)
 m - a +0 leather armour (worn)
 v - a +0 helmet (worn)
Jewellery
 b - a +6 ring of dexterity (left hand)
 D - a ring of ice
 F - a ring of willpower (right hand)
Wands
 n - a wand of flame (60)
 G - a wand of paralysis (9)
Scrolls
 f - 4 scrolls of noise {unknown}
 h - 2 scrolls of enchant armour {unknown}
 i - 2 scrolls of vulnerability {unknown}
 j - 7 scrolls of identify {unknown}
 o - 3 scrolls of teleportation {unknown}
 p - 3 scrolls of enchant weapon {unknown}
 q - 2 scrolls of magic mapping {unknown}
 s - a scroll of fear {unknown}
 u - a scroll of summoning {unknown}
 B - 2 scrolls of torment {unknown}
Potions
 g - 2 potions of curing
 k - 2 potions of haste {unknown}
 l - 3 potions of attraction {unknown}
 r - 3 potions of degeneration {unknown}
 t - a potion of brilliance {unknown}
 x - 3 potions of flight {unknown}
 z - 2 potions of resistance {unknown}
 A - a potion of heal wounds {unknown}
 C - a potion of cancellation {unknown}
 H - a potion of mutation {unknown}


   Skills:
 + Level 6.0 Fighting
 * Level 8.5 Short Blades
 - Level 1.7 Throwing
 + Level 5.3 Dodging
 - Level 4.8 Stealth
 + Level 2.4 Translocations
 + Level 3.5 Invocations


You had 6 spell levels left.
You knew the following spells:

 Your Spells              Type           Power      Damage    Failure   Level
a - Blink                 Tloc           10%        N/A       24%         2

Your spell library contained the following spells:

 Spells                   Type           Power      Damage    Failure   Level
 Foxfire                  Conj/Fire      0%         2x1d4     41%         1
 Sting                    Tmut/Pois      0%         1d3       41%         1
 Gell's Gravitas          Tloc           5%         N/A       43%         3
 Teleport Other           Tloc           5%         N/A       43%         3
 Ensorcelled Hibernation  Hex/Ice        0%         N/A       54%         2
 Passwall                 Tmut/Erth      0%         N/A       54%         2
 Poisonous Vapours        Pois/Air       0%         N/A       54%         2
 Sublimation of Blood     Necr           0%         N/A       54%         2
 Conjure Flame            Conj/Fire      0%         6-21      78%         3
 Inner Flame              Hex/Fire       0%         N/A       78%         3
 Swiftness                Air            0%         N/A       78%         3
 Flame Wave               Conj/Fire      0%         2d4       99%         4
 Olgreb's Toxic Radiance  Pois           0%         N/A       99%         4
 Petrify                  Tmut/Erth      0%         N/A       99%         4
 Manifold Assault         Tloc           5%         N/A       99%         5
 Irradiate                Conj/Tmut      0%         3d11      100%        5
 Dispersal                Tloc           2%         N/A       100%        6
 Storm Form               Tmut/Air       0%         N/A       100%        7


Dungeon Overview and Level Annotations

Branches:
Dungeon (9/15)             Temple (1/1) D:5           Sewer (visited)
   Lair: D:8-11         Orc: D:9-12

Altars:
Ashenzari
Dithmenos
Elyvilon
Fedhas
Gozag
Hepliaklqana
Kikubaaqudgha
Makhleb
Nemelex Xobeh
Okawaru
Qazlal
Sif Muna
Uskayaw
Vehumet
Wu Jian
Xom
Yredelemnul
Zin
The Shining One

Shops:
D:7 *

Annotations:
D:3 3 runed translucent doors, enile's ghost, amateur OpBr
D:8 1 runed translucent door, Lutefisk's ghost, novice MeEE


Innate Abilities, Weirdness & Mutations

You have razor-sharp teeth.
Your natural rate of healing is unusually fast.
When hurt, damage is shared between your health and your magic reserves.
Your bite disrupts and absorbs the magic of your enemies.
Potions cannot restore your health.


Message History

The centaur kicks you but does no damage.
You hit the centaur but do no damage.
You punch the centaur, but do no damage.
You bite the centaur, but do no damage.
The centaur is severely wounded.
The centaur barely misses you.
The centaur kicks you but does no damage.
You barely miss the centaur. You bite the centaur.
You kill the centaur!
You can now pass through a line of other dancers.
No reachable target in view!
No reachable target in view!
Lutefisk's ghost says, "All of the earth is under my command."
Found a leather armour.
You now have 397 gold pieces (gained 16).
Found a stone staircase leading down.
r - 3 murky green potions (gained 1)
There is a stone staircase leading down here.
The hornet buzzes angrily.
The acid dragon roars!
The acid dragon spits acid at you. The splash of acid hits you!!
The acid corrodes you! The hornet attacks as you move away!
The hornet stings you!
You suddenly lose the ability to move!
A wyvern comes into view.
The hornet stings you.
You are poisoned.
You feel yourself slow down. The hornet stings you!
* * * LOW HITPOINT WARNING * * *
You feel as though you will be slow longer.
You can move again.
There is a stone staircase leading down here.
You feel very sick. The hornet closely misses you.
The hornet barely misses you.
You climb downwards.
You feel sick.
Found a stone staircase leading up.
There is a stone staircase leading up here.
Okay, then.
It was a potion of curing.
Your system rejects the healing.
You feel better. The hornet stings you!
You die...

#.....#
#.....#
#.....#
#.....#
#.....#
#.....#
#.....#
#...@.#
#....y....#
#.........#
#....####.#
#....# ..
#....# .
#<...#
#....#


You could see a hornet.

Vanquished Creatures
  3 yaks (D:8)
  A water moccasin (D:6)
  A sky beast (D:7)
  A black bear (D:5)
  An ice beast (D:7)
  2 ogres (D:5)
  3 centaurs
  2 kobold brigands (Sewer)
  2 bullfrogs
  A necrophage (D:6)
  Blork the orc (D:4)
  2 scorpions (D:6)
  3 gnoll sergeants
  3 wights (D:7)
  A howler monkey (D:5)
  3 jellies
  2 hounds
  3 iguanas
  A gnoll bouda (D:6)
  3 orc priests
  4 orc wizards
  Natasha (twice) (D:2)
  Robin (D:3)
  16 adders
  28 gnolls
  2 river rats (Sewer)
  A white imp (D:6)
  A worm (D:3)
  3 dart slugs
  20 orcs
  10 endoplasms
  A giant cockroach (D:4)
  15 goblins
  15 hobgoblins
  7 jackals
  17 kobolds
  2 quokkas
  11 ball pythons
  3 bats
  7 frilled lizards
  9 rats
214 creatures vanquished.

Vanquished Creatures (others)
  9 plants (Sewer)
9 creatures vanquished.

Grand Total: 223 creatures vanquished

Notes
Turn   | Place    | Note
-------+----------+-------------------------------------------
     0 | D:1      | funnyparkerb the Vine Stalker Brigand began the quest for
                  | the Orb.
     0 | D:1      | Reached XP level 1. HP: 11/11 MP: 2/2
   120 | D:1      | Reached skill level 2 in Short Blades
   124 | D:1      | Reached skill level 1 in Dodging
   246 | D:1      | Reached XP level 2. HP: 15/15 MP: 3/3
   683 | D:1      | Reached XP level 3. HP: 12/18 MP: 4/4
  1758 | D:2      | Noticed Natasha
  1760 | D:2      | Killed Natasha
  1761 | D:2      | Reached skill level 3 in Short Blades
  1761 | D:2      | Gained mutation: Your natural rate of healing is unusually
                  | fast. [Vine Stalker growth]
  1761 | D:2      | Reached XP level 4. HP: 23/23 MP: 5/5
  1966 | D:2      | Noticed Natasha
  1975 | D:2      | Killed Natasha
  2281 | D:3      | Reached XP level 5. HP: 23/27 MP: 6/6
  2538 | D:3      | Noticed Robin
  2569 | D:3      | Killed Robin
  2706 | D:3      | Reached skill level 4 in Short Blades
  2710 | D:3      | Reached XP level 6. HP: 32/32 MP: 7/7
  2764 | D:3      | Found a runed translucent gate.
  2764 | D:3      | Found a runed translucent gate.
  2764 | D:3      | Found a runed translucent gate.
  3186 | D:3      | Found a faded altar of an unknown god.
  3366 | D:3      | Noticed enile's ghost (amateur OpBr)
  3419 | D:4      | Found a basalt altar of Yredelemnul.
  3444 | D:4      | Found a burning altar of Makhleb.
  3688 | D:4      | Noticed Blork the orc
  3699 | D:4      | Killed Blork the orc
  3877 | D:4      | Reached XP level 7. HP: 36/36 MP: 8/8
  3925 | D:4      | Reached skill level 5 in Short Blades
  4020 | D:4      | Identified the +8 mace "Henlunlo" {venom, SInv Stlth+}
  4087 | D:4      | Found a glowing drain.
  4100 | Sewer    | Entered a sewer
  4908 | D:5      | Entered Level 5 of the Dungeon
  5011 | D:5      | Reached skill level 6 in Short Blades
  5011 | D:5      | Gained mutation: You have razor-sharp teeth. [Vine Stalker
                  | growth]
  5011 | D:5      | Reached XP level 8. HP: 30/42 MP: 1/9
  5226 | D:5      | Found a staircase to the Ecumenical Temple.
  5406 | Temple   | Entered the Ecumenical Temple
  5620 | Temple   | Became a worshipper of Uskayaw the Reveller
  5712 | D:5      | Reached * piety under Uskayaw
  5721 | D:5      | Reached ** piety under Uskayaw
  5723 | D:5      | Reached skill level 5 in Fighting
  5973 | D:6      | Reached skill level 7 in Short Blades
  5973 | D:6      | Reached skill level 1 in Invocations
  6018 | D:6      | Identified the +7 dagger of Hell's Wrath {vorpal, rElec
                  | Str+2}
  6213 | D:6      | Reached *** piety under Uskayaw
  6215 | D:6      | Reached **** piety under Uskayaw
  6216 | D:6      | Reached XP level 9. HP: 40/47 MP: 9/11
  6615 | D:7      | Learned a level 2 spell: Blink
  6681 | D:7      | Found an ancient bone altar of Kikubaaqudgha.
  6744 | D:7      | Reached ***** piety under Uskayaw
  6748 | D:7      | Reached skill level 1 in Translocations
  6752 | D:7      | Reached ****** piety under Uskayaw
  6803 | D:7      | Found Ullihom's Assorted Antiques.
  6881 | D:7      | Reached skill level 8 in Short Blades
  6898 | D:7      | Reached skill level 5 in Dodging
  6943 | D:8      | Noticed a hornet
  6991 | D:8      | Found a glowing silver altar of Zin.
  7036 | D:8      | Found a runed translucent door.
  7036 | D:8      | Noticed Lutefisk's ghost (novice MeEE)
  7135 | D:8      | Paralysed by a hornet for 2 turns
  7139 | D:9      | Mangled by a hornet

Illustrated notes

Levels and vault maps discovered:
D:1:      matt_arrival_spirals, layout_basic, hangedman_glass_teeth,
          nicolae_concentric_dashed_squares_mild, grunt_decor_one_mirror
D:2:      layout_basic, corexii_item_surrounded_by_moat, minmay_misc_feat_doors,
          uniq_natasha
D:3:      layout_basic, ebering_ghost_rock_garden,
          shapermc_ecumenical_altar_totnotflames, eino_tiny_chamber,
          minivault_26, uniq_robin
D:4:      layout_loops_ring, mainiacjoe_overflow_surrounded_room,
          lemuel_round_altar, portal_sewer_entry_d, kennysheep_generic_room_10,
          uniq_blork_the_orc
D:5:      layout_loops_ring, minmay_temple_entry_drinking_statues
D:6:      layout_rooms, nicolae_ossuary_entry_ruins
D:7:      layout_rooms, mainiacjoe_overflow_catwalk, serial_shops,
          nicolae_square_shop
D:8:      layout_rooms, chequers_temple_overflow_statue_of_worship,
          hellmonk_ghost_happy_afterlife
D:9:      layout_long_grid, erik_orc_4, minmay_starry_boxes, uniq_maggie
Temple:   regret_index_temple_generic_petals

Skill      XL: |  1  2  3  4  5  6  7  8  9 |
---------------+----------------------------+-----
Short Blades   | 2 3 4 6 7 8 |  8.5
Dodging        | 1 2 3 4 5 |  5.3
Fighting       | 2 3 4 5 6 |  6.0
Invocations    | 1 3 |  3.5
Translocations | 2 |  2.4
Throwing       | |  1.7
Stealth        | |  4.8

Action                   |  1- 3 |  4- 6 |  7- 9 || total
-------------------------+-------+-------+-------++-------
Melee: Dagger            |    76 |   150 |   112 ||   338
       Bite              |    23 |    63 |   133 ||   219
       Punch             |       |     2 |    13 ||    15
       Short sword       |       |    64 |   290 ||   354
Throw: Dart              |     7 |     6 |    20 ||    33
Invok: Line Pass         |       |       |     2 ||     2
Evoke: Wand              |       |       |     7 ||     7
  Use: Potion            |       |       |     1 ||     1
 Stab: Sleeping          |     8 |    11 |     4 ||    23
       Distracted        |     1 |       |     2 ||     3
       Paralysed         |       |       |     8 ||     8
Armor: Robe              |     8 |       |       ||     8
       Leather armour    |     7 |    34 |    60 ||   101
Dodge: Dodged            |    25 |    83 |   201 ||   309
